 Dungeon Crawl Stone Soup version 0.26-b1-32-g5d43845318 (webtiles) character file.

Game seed: 12537179467242689303

487267 EnegeticOcto the Peltast (level 23, -8/164 HPs)
             Began as a Deep Dwarf Delver on Jan 13, 2021.
             Was the Champion of Ru.
             Mangled by an Orb Guardian (38 damage)
             ... on level 5 of the Realm of Zot.
             The game lasted 01:53:30 (9738 turns).

EnegeticOcto the Peltast (Deep Dwarf Delver)        Turns: 9738, Time: 01:53:30

Health: -8/164     AC: 24    Str: 23      XL:     23   Next: 52%
Magic:  12/12 (3)  EV:  4    Int: 13 (14) God:    Ru [******]
Gold:   289        SH: 30    Dex: 17      Spells: 56/56 levels left

rFire    + + .     SeeInvis .   w - +7 Singing Sword {vorpal, sonic wave}
rCold    + + .     Faith    .   m - +7 tower shield "Acledacw" {rPois MP+9}
rNeg     + . .     Spirit   .   u - +4 gold dragon scales
rPois    +         Reflect  .   E - +2 helmet
rElec    +         Harm     .   I - +0 cloak "Sigroq" {+Inv Stlth+}
rCorr    .         Rampage  .   (no gloves)
Will     ++++.     Rnd*Tele +   a - +1 pair of boots of Quantum Leap {Int+5 Dex+5 Stlth-}
Stlth    ..........             x - amulet of magic regeneration
HPRegen  0.00/turn              K - ring of the Cast Vote {rElec rF+ Will+ Str+3 Slay+4}
MPRegen  0.38/turn              J - ring of Midsummer {rC+ Dex+2 Stlth-}

@: lethally poisoned (-8 -> -8), exhausted, no scrolls, non-regenerating
A: damage resistance, heal wounds, claws 1, blurry vision 2, clumsy 2, deformed
body, deterioration 1, dopey 2, frail 3, low mp 2, negative energy resistance 1,
sense surroundings 3, screaming 2, teleportitis 1, weak 2, inability to read
while threatened, hated by all, inability to train dodging, inexperienced 1, no
regeneration
}: 3/15 runes: barnacled, abyssal, gossamer
a: Heal Wounds, Renounce Religion, Evoke Invisibility, Draw Out Power, Power
Leap, Apocalypse


You were on level 5 of the Realm of Zot.
You worshipped Ru.
Ru was exalted by your worship.
You visited 8 branches of the dungeon, and saw 39 of its levels.
You visited the Abyss 2 times.
You also visited: Gauntlet.

You collected 1221 gold pieces.
You spent 932 gold pieces at shops.

Inventory:

Hand Weapons
 b - a +1 war axe of freezing
 s - a +2 vorpal war axe
 w - the +7 Singing Sword (weapon) {vorpal, sonic wave}
   (You found it on level 2 of the Lair of Beasts)

   It inflicts extra damage upon your enemies.
 y - a +4 dagger of distortion
Missiles
 k - 4 throwing nets (quivered)
 o - 39 poisoned darts
 p - 23 javelins
 B - 12 curare-tipped darts
Armour
 a - the +1 pair of boots of Quantum Leap (worn) {Int+5 Dex+5 Stlth-}
   (You found it in a Gauntlet)

   It affects your intelligence (+5).
   It affects your dexterity (+5).
   It makes you less stealthy.
 d - a +2 chain mail of fire resistance
 h - the +10 tower shield of Ignorance {rN+ Int-4}
   (You found it in a Gauntlet)

   It affects your intelligence (-4).
   It protects you from negative energy.
 m - the +7 tower shield "Acledacw" (worn) {rPois MP+9}
   (You found it on level 1 of the Orcish Mines)

   It protects you from poison.
   It affects your magic capacity (+9).
 u - +4 gold dragon scales (worn)
 E - a +2 helmet (worn)
 I - the +0 cloak "Sigroq" (worn) {+Inv Stlth+}
   (You found it in a Gauntlet)

   It lets you turn invisible.
   It makes you more stealthy.
 T - the +9 plate armour of the Jolly Nights {Slay+2 Stlth+}
   (You found it on level 3 of the Depths)

   It affects your accuracy and damage with ranged weapons and melee attacks
   (+2).
   It makes you more stealthy.
Jewellery
 l - an uncursed ring of wizardry
 r - a +4 ring of evasion
 x - an amulet of magic regeneration (around neck)
 J - the ring of Midsummer (right claw) {rC+ Dex+2 Stlth-}
   (You found it on level 3 of the Depths)

   [ring of attention]

   It affects your dexterity (+2).
   It protects you from cold.
   It makes you less stealthy.
 K - the ring of the Cast Vote (left claw) {rElec rF+ Will+ Str+3 Slay+4}
   (You found it on level 3 of the Depths)

   [ring of slaying]

   It affects your strength (+3).
   It affects your accuracy and damage with ranged weapons and melee attacks
   (+4).
   It protects you from fire.
   It insulates you from electricity.
   It affects your willpower, your defense against some magical effects.
 Q - an uncursed ring of ice
Wands
 g - a wand of digging (2) {@v3}
 i - a wand of acid (30) {@v1}
 q - a wand of polymorph (1)
 D - a wand of random effects (14)
 F - a wand of disintegration (14)
 L - a wand of paralysis (16)
Scrolls
 c - 6 scrolls of fog
 e - 4 scrolls of fear
 j - 2 scrolls of teleportation {@r3}
 A - a scroll of immolation
 N - a scroll of remove curse {@r2}
 O - a scroll of blinking {@r4}
 S - 2 scrolls of vulnerability
 U - a scroll of magic mapping {@r5}
 W - a scroll of holy word
Potions
 f - 2 potions of haste {@q4}
 t - 5 potions of curing {@q1}
 z - 4 potions of flight
 G - a potion of brilliance
 H - 3 potions of lignification
 M - 2 potions of ambrosia
 P - 4 potions of heal wounds {@q2}
 R - a potion of invisibility
 X - a potion of degeneration
 Y - 2 potions of attraction
Miscellaneous
 n - a phial of floods
 V - a condenser vane


   Skills:
 - Level 20.0 Fighting
 - Level 16.0 Long Blades
 - Level 15.4 Axes
 - Level 12.5 Armour
 - Level 6.0 Stealth
 - Level 20.0 Shields
 + Level 17.1 Spellcasting
 - Level 12.0 Evocations


You had 56 spell levels left.
You didn't know any spells.
Your spell library was empty.

Dungeon Overview and Level Annotations

Branches:
Dungeon (15/15)            Temple (1/1) D:4            Lair (6/6) D:8
 Shoals (4/4) Lair:4       Spider (4/4) Lair:2          Orc (1/2) D:10
 Depths (5/5) D:15            Zot (5/5) Depths:5    Gauntlet (visited)
  Slime: Lair:5-6    Vaults: D:13-14

Altars:
Cheibriados
Hepliaklqana
Nemelex Xobeh
Ru
Sif Muna
Uskayaw
Wu Jian
Xom
Zin

Shops:
D:6 :   Orc:1 *   Shoals:1 !   Depths:1 }?(

Portals:
Hell: Depths:5

Annotations:
D:11 2 transporters, bande's ghost, journeyman GrFi
Orc:1 1 runed translucent door, exclusion: 4 orange crystal statues


Innate Abilities, Weirdness & Mutations

You are resistant to damage.
You can heal yourself by infusing magical energy.
You resist negative energy. (rN+)
You passively map a large area around you.
You sometimes yell uncontrollably at your foes.
You cannot read scrolls while threatened.
You are hated by all.
You cannot train Dodging skill.
You are somewhat inexperienced. (-2 XL)
You do not regenerate.
You have sharp fingernails.
Scrolls take you longer to read.
You are very clumsy. (Dex -4)
Armour fits poorly on your strangely shaped body.
Your body sometimes deteriorates upon taking damage.
You are very dopey. (Int -4)
You are extremely frail. (-30% HP)
Your magical capacity is very low. (-20% MP)
You are occasionally teleported next to monsters.
You are very weak. (Str -4)


Message History

A large net falls onto you!
You become entangled in the net!
You cannot read scrolls in your current state!
Unknown command.
You struggle against the net.
The ancient lich is engulfed in blazing flames.
The ancient lich begins to cast a spell, but is stunned by your conviction!
The red draconian begins to attack, but is stunned by your conviction!
The ancient lich begins to cast a spell, but is stunned by your conviction!
You struggle against the net.
The ancient lich is engulfed in blazing flames.
The ancient lich is stunned by your conviction and fails to attack.
The Orb Guardian hits you.
The white draconian shifter hits you but does no damage.
Unknown command.
You struggle against the net.
You can read scrolls again.
The ancient lich is engulfed in blazing flames.
The ancient lich gestures at you while chanting.
You resist with almost no effort. The Orb Guardian hits you!
You focus your inner power and slow the Orb Guardian in retribution!
The black draconian is engulfed in blazing flames.
The black draconian begins to attack, but is stunned by your conviction!
The red draconian is engulfed in blazing flames.
The red draconian breathes fire at you. The searing blast hits you! You resist.
The ancient lich barely misses you.
You hear some strange, mumbled words.
A bolt of cold appears from out of thin air!
The bolt of cold hits you! You resist.
You hear a sizzling sound!
The white draconian shifter hits you with a +0 dagger!
The Orb Guardian hits you but does no damage.
You feel much better.
You redirect the ancient lich's attack!
The ancient lich touches you but does no damage.
The black draconian is engulfed in blazing flames.
The red draconian is engulfed in blazing flames.
The red draconian hits you but does no damage.
The moth of wrath goads the black draconian on!
The black draconian goes berserk!
Something hits you.
You are poisoned.
The white draconian shifter gestures at you while chanting.
The black draconian blinks!
The moth of wrath blinks!
You rip the net and break free!
You redirect the ancient lich's attack!
The ancient lich touches the black draconian!
You block the black draconian's attack. You block the Orb Guardian's attack.
The moth of wrath goads the Orb Guardian on!
The Orb Guardian shakes off its lethargy.
The Orb Guardian goes berserk!
The red draconian is engulfed in blazing flames.
The red draconian barely misses you.
The ancient lich is engulfed in blazing flames.
You block the ancient lich's attack.
The white draconian shifter hits you but does no damage.
Okay, then.
Unknown command.
Really read with blurry vision while enemies are nearby?
Okay, then.
Unknown command.
Unknown command.
You slash the ancient lich!
The ancient lich is almost destroyed.
You block the Orb Guardian's attack.
The black draconian is engulfed in blazing flames.
You block the black draconian's attack. Something hits you!
The moth of wrath goads the red draconian on!
The red draconian goes berserk!
The Orb Guardian hits you!!!
You feel threatened and lose the ability to read scrolls!
* * * LOW HITPOINT WARNING * * *
You redirect the ancient lich's attack!
The ancient lich is stunned by your conviction and fails to attack.
Okay, then.
You feel much better.
You redirect the Orb Guardian's attack!
The Orb Guardian hits the moth of wrath!!
The black draconian is engulfed in blazing flames.
The black draconian hits you with a +0 hand axe!!
* * * LOW HITPOINT WARNING * * *
Your body deteriorates!
You feel dopey.
The red draconian is engulfed in blazing flames.
The red draconian is stunned by your conviction and fails to attack.
The ancient lich is engulfed in blazing flames.
You destroy the ancient lich!
You block the white draconian shifter's attack.
The moth of wrath is stunned by your conviction and fails to attack.
You block the Orb Guardian's attack. Something hits you but does no damage.
The red draconian is engulfed in blazing flames.
The red draconian hits you with a +2 long sword of holy wrath.
The black draconian is engulfed in blazing flames.
You block the black draconian's attack.
Your condenser vane has recharged.
Your life force feels restored.
Your Spellcasting skill increases to level 17!
You feel much better. The Orb Guardian hits you!!
* * * LOW HITPOINT WARNING * * *
You block the moth of wrath's attack.
You block the white draconian shifter's attack.
The black draconian is engulfed in blazing flames.
You block the black draconian's attack. The Orb Guardian hits you!!!
You die...

* ########### ,
........^..##
............##
,
.............##
^......○^.....#
,
.........○§...#
, ,
......§°.§§§..#
......y.d.....#
* , ,,
......X@§.☼...#
* ,
......qd{.[...#
** ,
.....^.§§§§).##
,..........§☼##
,
,.........§§##
***
▓▓▓##..§§[▓▓ ,
....○§) * ,
,...○§§... , ,
,...........


You could see a black draconian (berserk), a red draconian (berserk), a white
draconian shifter, an Orb Guardian (berserk) and a moth of wrath.

Vanquished Creatures
  7 ancient liches
  10 orbs of fire (Zot:5)
  2 juggernauts
  2 Killer Klowns (Zot:5)
  7 golden dragons
  A curse toe (Zot:5)
  Nikola (Spider:4)
  2 bone dragons
  2 electric golems (Zot:5)
  6 liches
  3 tentacled monstrosities
  Jorgrun (Shoals:3)
  21 Orb Guardians (Zot:5)
  A titan (Depths:3)
  Polyphemus (Shoals:3)
  A quicksilver dragon (Depths:3)
  3 sphinxes (Depths:3)
  10 death cobs
  An Executioner (Abyss:3)
  5 tentacled starspawn (Abyss:3)
  Ilsuiw (Shoals:3)
  4 storm dragons
  5 shadow dragons
  2 tengu reavers
  3 fire giants
  5 draconian monks
  A draconian knight (Zot:4)
  A draconian scorcher (Zot:1)
  7 emperor scorpions (Spider:4)
  An iron dragon (Depths:4)
  4 frost giants
  6 ghost moths
  2 cacodemons (Abyss:3)
  2 draconian annihilators
  4 draconian shifters
  6 stone giants
  A draconian stormcaller (Zot:1)
  19 very ugly things
  6 green draconians
  Nessos (Lair:5)
  2 vampire knights
  8 entropy weavers
  6 yellow draconians
  A minotaur (Gauntlet)
  4 white draconians
  9 black draconians
  9 red draconians
  A lorocyproca (Abyss:3)
  11 spark wasps
  7 purple draconians
  6 ettins
  4 blizzard demons (Abyss:3)
  A green death (Gauntlet)
  10 fire dragons
  11 merfolk impalers
  An ettin (shapeshifter) (Depths:3)
  6 merfolk javelineers
  3 yaktaur captains (Depths:3)
  6 ice dragons
  2 rakshasas
  5 hydras
  3 ogre magi
  2 boulder beetles
  Erolcha (D:10)
  3 great orbs of eyes
  Harold (Lair:2)
  6 merfolk avatars
  3 spriggan air magi
  2 catoblepae
  A hell beast (Gauntlet)
  A satyr (Shoals:3)
  7 two-headed ogres
  12 deep troll earth magi
  3 alligator snapping turtles
  A death knight (Abyss:3)
  5 deep troll shamans
  5 merfolk aquamancers
  5 tengu warriors
  5 death yaks
  3 spriggan berserkers (Depths:3)
  6 thrashing horrors (Abyss:3)
  A fire crab (shapeshifter) (Depths:4)
  8 wretched stars (Abyss:3)
  5 hell knights
  A storm dragon skeleton (Abyss:3)
  3 sixfirhies (Abyss:3)
  18 deep trolls
  9 sea snakes
  5 glowing orange brains
  A flayed ghost (Depths:3)
  A deep elf archer (D:15)
  A spriggan druid (Abyss:3)
  30 starcursed masses (Abyss:3)
  4 harpies
  2 necromancers (Depths:4)
  9 manticores
  17 ugly things
  2 deep elf magi
  2 cyclopes
  15 orb spiders
  16 wolf spiders
  2 orc sorcerers
  2 worldbinders (Abyss:3)
  4 fauns
  A salamander (shapeshifter) (Depths:3)
  9 moths of wrath
  26 large abominations
  8 elephants
  6 merfolk sirens
  2 will-o-the-wisps (Abyss:3)
  A guardian serpent (shapeshifter) (Abyss:3)
  3 guardian serpents (Abyss:3)
  A black mamba (shapeshifter) (Depths:4)
  A rust devil (Depths:3)
  A gargoyle (D:15)
  10 cane toads
  8 smoke demons (Abyss:3)
  3 apocalypse crabs (Abyss:3)
  A black mamba (Lair:2)
  A dire elephant skeleton (Abyss:3)
  4 water nymphs
  A hellion (Abyss:3)
  2 efreet (Abyss:3)
  2 cane toads (shapeshifter)
  A kobold demonologist (Abyss:3)
  A tormentor (Abyss:3)
  9 demonic crawlers
  10 komodo dragons
  5 rime drakes
  2 freezing wraiths
  Maggie (Lair:2)
  3 hellwings (Abyss:3)
  8 yaktaurs
  A rime drake (shapeshifter) (Depths:3)
  A troll (shapeshifter) (Depths:3)
  A meliai (shapeshifter) (D:15)
  8 ancient zymes (Abyss:3)
  22 merfolk
  A queen bee (shapeshifter) (Depths:3)
  4 tengu conjurers
  5 trolls
  3 polar bears
  25 jumping spiders
  17 blink frogs
  4 wind drakes
  4 hornets
  A hornet (shapeshifter) (Abyss:3)
  3 raiju (Abyss:3)
  8 slime creatures
  A snapping turtle (shapeshifter) (Depths:1)
  6 snapping turtles
  10 dream sheep
  A redback (shapeshifter) (Depths:4)
  65 redbacks
  A flying skull (Abyss:3)
  An air elemental (Abyss:3)
  A wraith (D:12)
  4 ynoxinuls (Abyss:3)
  10 water elementals
  Eustachio (D:6)
  13 yaks
  A basilisk (Lair:5)
  A fire elemental (Depths:3)
  4 wyverns
  24 tarantellas
  8 neqoxecs (Abyss:3)
  8 fire bats (Abyss:3)
  4 vampire mosquitoes
  8 chaos spawn (Abyss:3)
  A warg (Orc:1)
  Edmund (D:4)
  The ghost of qborf the Charlatan, an amateur DEAr (D:4)
  2 acid dragons
  2 hell hounds
  10 water moccasins
  A sky beast (D:15)
  16 small abominations
  4 ice beasts
  7 orc warriors
  2 eyes of draining
  A necrophage (D:12)
  8 ogres
  2 phantoms
  A wolf (Lair:2)
  5 boggarts
  5 centaurs
  3 big kobolds
  13 bullfrogs
  2 earth elementals (Abyss:3)
  3 scorpions
  A water moccasin skeleton (D:9)
  A wyvern skeleton (D:12)
  A wight (D:11)
  7 howler monkeys
  4 electric eels
  2 centaur zombies
  A quasit (Abyss:3)
  3 centaur skeletons
  3 hounds
  2 iron imps (Abyss:3)
  8 orc priests
  6 jellies
  A bullfrog skeleton (D:12)
  4 iguanas
  9 orc wizards
  4 hell rats (Lair:2)
  8 worker ants
  2 lightning spires (Abyss:3)
  A killer bee zombie (D:7)
  A hound skeleton (D:11)
  14 gnolls
  9 adders
  A naga simulacrum (Abyss:3)
  5 shadow imps
  4 white imps
  2 ufetubi
  An ooze (Lair:5)
  An adder zombie (D:5)
  A leopard gecko (D:6)
  37 orcs
  3 giant cockroaches
  19 goblins (D:6)
  18 hobgoblins (D:6)
  6 jackals
  2 quokkas
  11 kobolds
  9 starspawn tentacles (Abyss:3)
1227 creatures vanquished.

Vanquished Creatures (others)
  A draconian monk (Zot:1)
  A sphinx (Depths:3)
  An emperor scorpion (Spider:3)
  A draconian stormcaller (Zot:2)
  A black draconian (Zot:1)
  2 purple draconians (Zot:4)
  A yellow draconian (Zot:4)
  A hydra (Lair:5)
  2 merfolk aquamancers (Shoals:4)
  A deep troll shaman (Depths:4)
  A flayed ghost (Depths:4)
  2 deep trolls
  A harpy (shapeshifter) (Abyss:4)
  An ugly thing (Depths:3)
  A wolf spider (Spider:1)
  A manticore (Shoals:3)
  A water nymph (Shoals:3)
  A centaur skeleton (D:14)
  2 ancient zymes (Abyss:3)
  3 jumping spiders
  A polar bear (Lair:6)
  2 slime creatures (Depths:3)
  A blink frog (Lair:6)
  A starcursed mass (Abyss:3)
  A tarantella (Spider:4)
  4 redbacks
  A water elemental (Shoals:4)
  2 large abominations (Abyss:3)
  A chaos spawn (Abyss:3)
  A wight (D:11)
  2 orcs (D:15)
  2 demonic plants (Abyss:3)
  2 foxfires (Abyss:3)
  29 fungi
  3 lurking horrors (Abyss:3)
  206 plants
  3 starspawn tentacles (Abyss:3)
  5 withered plants
293 creatures vanquished.

Grand Total: 1520 creatures vanquished

Notes
Turn   | Place    | Note
-------+----------+-------------------------------------------
     0 | D:5      | EnegeticOcto the Deep Dwarf Delver began the quest for the
                  | Orb.
     0 | D:5      | Reached XP level 1. HP: 20/20 MP: 1/1
    30 | D:4      | Reached XP level 2. HP: 14/27 MP: 2/2
    48 | D:4      | Noticed a scorpion
    62 | D:4      | Killed a scorpion
    63 | D:4      | Reached XP level 3. HP: 21/33 MP: 3/3
    64 | D:4      | Reached skill level 5 in Axes
    64 | D:4      | Reached XP level 4. HP: 26/40 MP: 4/4
   153 | D:3      | Reached XP level 5. HP: 30/46 MP: 4/4
   220 | D:4      | Noticed Edmund
   259 | D:4      | Killed Edmund
   260 | D:4      | Reached XP level 6. HP: 35/55 MP: 4/4
   267 | D:4      | Found a staircase to the Ecumenical Temple.
   273 | Temple   | Entered the Ecumenical Temple
   297 | Temple   | Became a worshipper of Ru the Awakened
   362 | D:4      | Found a large runed translucent door.
   362 | D:4      | Found a large runed translucent door.
   365 | D:4      | Noticed qborf's ghost (amateur DEAr)
   377 | D:4      | Killed qborf's ghost
   451 | D:6      | Found Zodefan's Antique Armour Boutique.
   451 | D:6      | Noticed Eustachio
   492 | D:6      | Killed Eustachio
   493 | D:6      | Reached XP level 7. HP: 35/61 MP: 5/5
   515 | D:6      | Found Yvuybaul's Book Boutique.
   795 | D:6      | Reached skill level 1 in Spellcasting
   903 | D:6      | Gained mutation: You are somewhat inexperienced. (-2 XL)
                  | [Ru sacrifice]
   903 | D:6      | Reached XP level 6. HP: 39/56 MP: 3/3
   903 | D:6      | Reached XP level 5. HP: 39/49 MP: 2/2
   903 | D:6      | Reached * piety under Ru
   903 | D:6      | Reached ** piety under Ru
   910 | D:6      | Reached XP level 6. HP: 37/56 MP: 2/4
   998 | D:7      | Noticed a boulder beetle
  1037 | D:7      | Killed a boulder beetle
  1038 | D:7      | Reached skill level 10 in Axes
  1038 | D:7      | Reached XP level 7. HP: 54/66 MP: 3/7
  1038 | D:7      | Reached XP level 8. HP: 59/73 MP: 3/8
  1081 | D:8      | Found a staircase to the Lair.
  1129 | D:8      | Reached skill level 5 in Fighting
  1207 | D:8      | Found a sparkling altar of Nemelex Xobeh.
  1300 | D:9      | Gained mutation: You passively map the area around you.
                  | [Deep Dwarf growth]
  1300 | D:9      | Reached XP level 9. HP: 29/81 MP: 8/8
  1321 | D:9      | Noticed a troll
  1343 | D:9      | Killed a troll
  1514 | D:10     | Entered Level 10 of the Dungeon
  1635 | D:10     | Gained mutation: You are hated by all. [Ru sacrifice]
  1635 | D:10     | Reached *** piety under Ru
  1670 | D:10     | Noticed a two-headed ogre
  1687 | D:10     | Killed a two-headed ogre
  1761 | D:10     | Noticed Erolcha
  1768 | D:10     | Paralysed by Erolcha for 2 turns
  1771 | D:10     | Killed Erolcha
  1772 | D:10     | Reached skill level 5 in Spellcasting
  1772 | D:10     | Reached XP level 10. HP: 54/91 MP: 6/6
  1881 | D:10     | Found a staircase to the Orcish Mines.
  1924 | D:10     | Found an ornate altar of the Wu Jian Council.
  1966 | D:10     | Noticed a two-headed ogre
  1982 | D:10     | Killed a two-headed ogre
  2130 | Orc:1    | Entered Level 1 of the Orcish Mines
  2203 | Orc:1    | Reached skill level 1 in Evocations
  2212 | Orc:1    | Found a runed translucent door.
  2229 | Orc:1    | Reached skill level 1 in Shields
  2238 | Orc:1    | Noticed an orange crystal statue
  2238 | Orc:1    | Noticed an orange crystal statue
  2238 | Orc:1    | Noticed an orange crystal statue
  2238 | Orc:1    | Noticed an orange crystal statue
  2240 | Orc:1    | Found a runed translucent door.
  2242 | Orc:1    | Noticed an orc high priest
  2242 | Orc:1    | Noticed an orc sorcerer
  2247 | Orc:1    | Got a warped tower shield
  2264 | Orc:1    | Identified the +7 tower shield "Acledacw" {rPois MP+9} (You
                  | found it on level 1 of the Orcish Mines)
  2291 | Orc:1    | Found Zuledag's General Store.
  2334 | Orc:1    | Bought a +2 vorpal war axe for 275 gold pieces
  2334 | Orc:1    | Bought a +1 chain mail of fire resistance for 264 gold
                  | pieces
  2537 | D:8      | Gained mutation: You cannot read scrolls while threatened.
                  | [Ru sacrifice]
  2537 | D:8      | Reached **** piety under Ru
  2545 | Lair:1   | Entered Level 1 of the Lair of Beasts
  2576 | Lair:1   | Noticed a boulder beetle
  2617 | Lair:1   | Killed a boulder beetle
  2618 | Lair:1   | Reached XP level 11. HP: 34/94 MP: 8/8
  2746 | Lair:2   | Noticed Harold
  2764 | Lair:2   | Killed Harold
  2773 | Lair:2   | Found a gate leading to a gauntlet.
  2792 | Gauntlet | Entered a Gauntlet
  2792 | Gauntlet | Found a transporter.
  2798 | Gauntlet | Found a transporter.
  2798 | Gauntlet | Noticed a green death
  2798 | Gauntlet | Noticed a blizzard demon
  2809 | Gauntlet | Found a transporter.
  2809 | Gauntlet | Killed a green death
  2810 | Gauntlet | Noticed a hell beast
  2812 | Gauntlet | Noticed a death yak
  2817 | Gauntlet | Identified the +0 cloak "Sigroq" {+Inv Stlth+} (You found
                  | it in a Gauntlet)
  2823 | Gauntlet | Noticed a death yak
  2823 | Gauntlet | Noticed a death yak
  2823 | Gauntlet | Noticed a death yak
  2853 | Gauntlet | Found a transporter.
  2862 | Gauntlet | Killed a hell beast
  2867 | Gauntlet | Got a pair of faintly glowing boots
  2877 | Gauntlet | Identified the +1 pair of boots of Quantum Leap {Int+5
                  | Dex+5 Stlth-} (You found it in a Gauntlet)
  2880 | Gauntlet | Noticed a necromancer
  2880 | Gauntlet | Noticed a death yak
  2880 | Gauntlet | Noticed a death yak
  2896 | Gauntlet | Noticed a minotaur
  2909 | Gauntlet | Killed a minotaur
  2911 | Gauntlet | Found the +10 tower shield of Ignorance {rN+ Int-4}
  2965 | Lair:2   | Reached skill level 5 in Evocations
  3000 | Lair:2   | Reached skill level 15 in Axes
  3021 | Lair:2   | Noticed Maggie
  3035 | Lair:2   | Reached XP level 12. HP: 28/107 MP: 10/10
  3060 | Lair:2   | Reached skill level 5 in Shields
  3062 | Lair:2   | Killed Maggie
  3070 | Lair:2   | Found the +7 Singing Sword {vorpal, sonic wave}
  3141 | Lair:3   | Noticed a seven-headed hydra
  3143 | Lair:3   | Reached skill level 1 in Long Blades
  3209 | Lair:4   | Noticed Sonja
  3211 | Lair:4   | Noticed Sonja
  3211 | Lair:4   | Sonja changed into Sonja the acid dragon
  3217 | Lair:4   | Killed Sonja the acid dragon
  3236 | Lair:5   | Noticed a four-headed hydra
  3236 | Lair:5   | Noticed an eight-headed hydra
  3248 | Lair:5   | Killed a four-headed hydra
  3249 | Lair:5   | Killed an eight-headed hydra
  3267 | Lair:6   | Entered Level 6 of the Lair of Beasts
  3293 | Lair:6   | Noticed a death yak
  3295 | Lair:6   | Noticed a death yak
  3295 | Lair:6   | Noticed a death yak
  3304 | Lair:6   | Killed a death yak
  3304 | Lair:6   | Killed a death yak
  3305 | Lair:6   | Killed a death yak
  3308 | Lair:6   | Reached skill level 5 in Long Blades
  3334 | Lair:6   | Gained mutation: You occasionally shout uncontrollably at
                  | your foes. [Ru sacrifice]
  3334 | Lair:6   | Reached ***** piety under Ru
  3352 | Lair:6   | Noticed a four-headed hydra
  3365 | Lair:6   | Killed a four-headed hydra
  3385 | Lair:6   | Reached XP level 13. HP: 65/118 MP: 10/10
  3547 | Lair:5   | Reached skill level 10 in Evocations
  3550 | Lair:5   | Noticed Nessos
  3559 | Lair:5   | Killed Nessos
  3683 | Lair:4   | Found a staircase to the Shoals.
  3688 | Shoals:1 | Entered Level 1 of the Shoals
  3699 | Shoals:1 | Found Pacoebly's Distillery.
  3722 | Shoals:1 | Bought 2 potions of lignification for 78 gold pieces
  3722 | Shoals:1 | Bought a potion of cancellation for 104 gold pieces
  3722 | Shoals:1 | Bought a potion of attraction for 39 gold pieces
  3822 | Shoals:1 | Noticed a merfolk javelineer
  3845 | Shoals:1 | Noticed a merfolk impaler
  3846 | Shoals:1 | Killed a merfolk javelineer
  3853 | Shoals:1 | Reached skill level 10 in Long Blades
  3865 | Shoals:1 | Killed a merfolk impaler
  3880 | Shoals:1 | Gained mutation: You resist negative energy. (rN+) [Deep
                  | Dwarf growth]
  3880 | Shoals:1 | Reached XP level 14. HP: 42/124 MP: 11/11
  3938 | Shoals:2 | Gained mutation: You cannot train Dodging skill. [Ru
                  | sacrifice]
  3986 | Shoals:2 | You fall into a shaft and drop 1 floor!
  4002 | Shoals:3 | Reached skill level 10 in Shields
  4029 | Shoals:3 | Noticed Jorgrun
  4039 | Shoals:3 | Killed Jorgrun
  4086 | Shoals:3 | Noticed Ilsuiw
  4104 | Shoals:3 | Killed Ilsuiw
  4134 | Shoals:4 | Entered Level 4 of the Shoals
  4145 | Shoals:4 | Reached skill level 1 in Armour
  4156 | Shoals:3 | Noticed Polyphemus
  4176 | Shoals:3 | Killed Polyphemus
  4292 | Shoals:4 | Reached XP level 15. HP: 68/125 MP: 10/10
  4479 | Shoals:4 | Reached skill level 5 in Armour
  4480 | Shoals:4 | Got a barnacled rune of Zot
  4721 | Lair:2   | Found a hole to the Spider Nest.
  4740 | Spider:1 | Entered Level 1 of the Spider Nest
  4792 | Spider:1 | Gained mutation: You sometimes yell uncontrollably at your
                  | foes. [Ru sacrifice]
  4792 | Spider:1 | Reached ****** piety under Ru
  4991 | Spider:2 | Reached skill level 10 in Fighting
  5116 | Spider:3 | Reached XP level 16. HP: 91/146 MP: 1/7
  5180 | Spider:4 | Entered Level 4 of the Spider Nest
  5260 | Spider:4 | Reached skill level 15 in Long Blades
  5391 | Spider:4 | Got a gossamer rune of Zot
  5487 | Spider:4 | Noticed Nikola
  5505 | Spider:4 | Killed Nikola
  5907 | D:11     | Noticed bande's ghost (journeyman GrFi)
  5913 | D:11     | Found a transporter.
  5955 | D:11     | Found a transporter.
  6224 | D:15     | Entered Level 15 of the Dungeon
  6276 | D:15     | Identified a scroll of acquirement
  6277 | D:15     | Acquired a manual of Fighting
  6282 | D:15     | Reached XP level 17. HP: 114/156 MP: 8/8
  6326 | D:15     | Found a staircase to the Depths.
  6348 | Depths:1 | Entered Level 1 of the Depths
  6348 | Depths:1 | Found Bopaugrasu's Gadget Shop.
  6426 | Depths:1 | Found Loahak's Magic Scroll Emporium.
  6435 | Depths:1 | Bought a scroll of holy word for 172 gold pieces
  6453 | Depths:1 | Found Kubeh's Weapon Emporium.
  6596 | Depths:3 | Reached skill level 15 in Shields
  6691 | Depths:3 | Found a transporter.
  6791 | Depths:3 | Gained mutation: You passively map a large area around you.
                  | [Deep Dwarf growth]
  6791 | Depths:3 | Reached XP level 18. HP: 139/156 MP: 11/11
  6832 | Depths:3 | Reached skill level 10 in Armour
  6861 | Depths:3 | Reached skill level 15 in Fighting
  6867 | Depths:3 | Found a transporter.
  6901 | Depths:3 | Noticed a lich
  6907 | Depths:3 | Noticed a golden dragon
  6913 | Depths:3 | Noticed a juggernaut
  6931 | Depths:3 | Reached skill level 10 in Spellcasting
  6931 | Depths:3 | Killed a lich
  6932 | Depths:3 | Killed a juggernaut
  6934 | Depths:3 | Killed a golden dragon
  7023 | Depths:3 | Got a pitted platinum ring
  7023 | Depths:3 | Identified the ring of Midsummer {rC+ Dex+2 Stlth-} (You
                  | found it on level 3 of the Depths)
  7040 | Depths:3 | Got a crude jade ring
  7046 | Depths:3 | Got a faintly glowing plate armour
  7056 | Depths:3 | Identified the +9 plate armour of the Jolly Nights {Slay+2
                  | Stlth+} (You found it on level 3 of the Depths)
  7057 | Depths:3 | Identified the ring of the Cast Vote {rElec rF+ Will+ Str+3
                  | Slay+4} (You found it on level 3 of the Depths)
  7079 | Depths:4 | Noticed a golden dragon
  7092 | Depths:4 | Killed a golden dragon
  7094 | Depths:4 | Reached XP level 19. HP: 113/181 MP: 15/15
  7134 | Depths:3 | Cast into level 3 of the Abyss (unwielding a weapon of
                  | distortion)
  7721 | Abyss:3  | Found a corrupted altar of Lugonu.
  7762 | Abyss:4  | Found a corrupted altar of Lugonu.
  7810 | Abyss:4  | Noticed a bone dragon
  7823 | Abyss:4  | Killed a bone dragon
  7826 | Depths:3 | Escaped the Abyss
  7849 | Depths:3 | Cast into level 3 of the Abyss (unwielding a weapon of
                  | distortion)
  7850 | Abyss:3  | Gained mutation: You are occasionally teleported next to
                  | monsters. [mutagenic glow]
  7864 | Abyss:3  | Gained mutation: You have sharp fingernails. [mutagenic
                  | glow]
  7871 | Abyss:3  | Gained mutation: Scrolls take you a little longer to read.
                  | [mutagenic glow]
  7878 | Abyss:3  | Gained mutation: You are dopey. (Int -2) [mutagenic glow]
  7890 | Abyss:3  | Gained mutation: Your magical capacity is low. (-10% MP)
                  | [mutagenic glow]
  7926 | Abyss:3  | Gained mutation: Armour fits poorly on your strangely
                  | shaped body. [a neqoxec]
  7996 | Abyss:3  | Gained mutation: You are very dopey. (Int -4) [a cacodemon]
  8373 | Abyss:3  | Gained mutation: Your body sometimes deteriorates upon
                  | taking damage. [a neqoxec]
  8493 | Abyss:3  | Gained mutation: You are weak. (Str -2) [a neqoxec]
  8534 | Abyss:3  | Reached XP level 20. HP: 113/164 MP: 11/11
  8580 | Abyss:3  | Noticed an ancient lich
  8585 | Abyss:3  | Killed an ancient lich
  8595 | Abyss:3  | Got an abyssal rune of Zot
  8606 | Depths:3 | Escaped the Abyss
  8641 | Depths:4 | Noticed a golden dragon
  8652 | Depths:4 | Killed a golden dragon
  8664 | Depths:4 | Noticed a juggernaut
  8674 | Depths:4 | Killed a juggernaut
  8741 | Depths:5 | Entered Level 5 of the Depths
  8779 | Depths:5 | Found a gateway to Hell.
  8826 | Depths:5 | Noticed a juggernaut
  8886 | Depths:5 | Noticed a bone dragon
  8889 | Depths:5 | Found a gate to the Realm of Zot.
  8899 | Depths:5 | Killed a bone dragon
  8920 | Zot:1    | Entered Level 1 of the Realm of Zot
  8943 | Zot:1    | Noticed a golden dragon
  8950 | Zot:1    | Killed a golden dragon
  8988 | Zot:1    | Reached XP level 21. HP: 130/181 MP: 11/11
  9097 | Zot:2    | Noticed a golden dragon
  9112 | Zot:2    | Killed a golden dragon
  9181 | Zot:4    | Noticed a golden dragon
  9191 | Zot:4    | Killed a golden dragon
  9310 | Zot:5    | Entered Level 5 of the Realm of Zot
  9361 | Zot:5    | Noticed an orb of fire
  9364 | Zot:5    | Noticed an ancient lich
  9374 | Zot:5    | Gained mutation: You are very weak. (Str -4) [an orb of
                  | fire]
  9375 | Zot:5    | Noticed an orb of fire
  9375 | Zot:5    | Noticed an orb of fire
  9376 | Zot:5    | Gained mutation: You are clumsy. (Dex -2) [an orb of fire]
  9378 | Zot:5    | Gained mutation: Scrolls take you longer to read. [an orb
                  | of fire]
  9379 | Zot:5    | Gained mutation: Your magical capacity is very low. (-20%
                  | MP) [an orb of fire]
  9380 | Zot:5    | Noticed a Killer Klown
  9382 | Zot:5    | Killed an orb of fire
  9383 | Zot:5    | Noticed a curse toe
  9387 | Zot:5    | Noticed an orb of fire
  9392 | Zot:5    | Killed an ancient lich
  9392 | Zot:5    | Killed a Killer Klown
  9395 | Zot:5    | Killed a curse toe
  9396 | Zot:5    | Reached XP level 22. HP: 99/226 MP: 2/2
  9397 | Zot:5    | Killed an orb of fire
  9397 | Zot:5    | Noticed an orb of fire
  9398 | Zot:5    | Gained mutation: You are frail. (-10% HP) [an orb of fire]
  9399 | Zot:5    | Killed an orb of fire
  9400 | Zot:5    | Killed an orb of fire
  9400 | Zot:5    | Noticed a golden dragon
  9406 | Zot:5    | Noticed an orb of fire
  9407 | Zot:5    | Noticed an orb of fire
  9410 | Zot:5    | Gained mutation: You are very frail. (-20% HP) [an orb of
                  | fire]
  9419 | Zot:5    | Killed a golden dragon
  9419 | Zot:5    | Killed an orb of fire
  9424 | Zot:5    | Gained mutation: You are very clumsy. (Dex -4) [an orb of
                  | fire]
  9427 | Zot:5    | Killed an orb of fire
  9427 | Zot:5    | Killed an orb of fire
  9437 | Zot:5    | Noticed an ancient lich
  9455 | Zot:5    | Killed an ancient lich
  9462 | Zot:5    | Noticed an orb of fire
  9464 | Zot:5    | Gained mutation: You are extremely frail. (-30% HP) [an orb
                  | of fire]
  9478 | Zot:5    | Killed an orb of fire
  9546 | Zot:5    | Noticed a Killer Klown
  9561 | Zot:5    | Reached skill level 15 in Spellcasting
  9578 | Zot:5    | Killed a Killer Klown
  9612 | Zot:5    | Reached XP level 23. HP: 121/156 MP: 0/3
  9685 | Zot:5    | Acquired 904 gold pieces
  9687 | Zot:5    | Noticed an orb of fire
  9687 | Zot:5    | Noticed an orb of fire
  9697 | Zot:5    | Noticed an ancient lich
  9698 | Zot:5    | Noticed an ancient lich
  9703 | Zot:5    | Killed an orb of fire
  9704 | Zot:5    | Noticed an ancient lich
  9705 | Zot:5    | Killed an orb of fire
  9711 | Zot:5    | Noticed an ancient lich
  9714 | Zot:5    | Killed an ancient lich
  9714 | Zot:5    | Killed an ancient lich
  9721 | Zot:5    | Killed an ancient lich
  9737 | Zot:5    | Killed an ancient lich
  9738 | Zot:5    | Mangled by an Orb Guardian

Illustrated notes

Levels and vault maps discovered:
D:3:      layout_basic, uniq_sigmund
D:4:      layout_basic, minmay_temple_entry_statues,
          ebering_ghost_disaster_area, minmay_misc_feat_secret_circle,
          uniq_edmund
D:5:      layout_loops_ring, serial_shops, nicolae_shop_behind_doors
D:6:      minmay_goblin_kobold_castle, layout_rooms,
          minmay_overflow_temple_star_quad, serial_shops, shop, shop, shop,
          uniq_eustachio
D:7:      layout_cave_pools, marbit_many_paths, tso_oasis_becter,
          hellmonk_ghost_happy_afterlife
D:8:      layout_cave_pools, nemelex_xobeh_ov_fountains_minmay,
          lair_entry_dummy, minmay_misc_feat_square,
          chequers_serial_rivers_micro_b
D:9:      hangedman_cross_stitches, layout_long_grid, minmay_misc_feat_cross
D:10:     layout_loops_corners, david_orc_2, basic_altar, uniq_nergalle,
          uniq_erolcha
D:11:     statuecave_lemuel, layout_gridville, gammafunk_ghost_arena
D:12:     layout_small_grid
D:13:     gammafunk_indiana_jones, layout_long_grid,
          lightli_vaults_fourway_checkpoint
D:14:     layout_loops_corners, serial_undead, serial_undead_a, serial_undead_a,
          serial_undead_e, serial_undead_e
D:15:     hangedman_depths_entry_civil_slaughter, layout_cave_pools,
          minmay_misc_feat_columns, st_stairs_1
Temple:   regret_index_temple_waves
Lair:1:   layout_roguey
Lair:2:   nzn_winding_woodlands_stair_trap
          [nzn_winding_woodlands_5x15_sidewinder,
          nzn_winding_woodlands_5x15_default,
          nzn_winding_woodlands_5x15_river_crossing,
          nzn_winding_woodlands_15x15_five_gardens,
          nzn_winding_woodlands_5x15_zeroes, nzn_winding_woodlands_5x15_pool,
          nzn_winding_woodlands_5x15_jagged], layout_hall_layers,
          spider_nest_entry_a, gauntlet_entry_generic, ebering_ghost_xom,
          chequers_serial_rivers_micro_c, serial_bayou_shore_b, uniq_maggie,
          uniq_harold
Lair:3:   layout_gridlike, lemuel_fruit_fields, grunt_megastairs_2
Lair:4:   layout_regular_city, elwin_shoals_entry_rooms, uniq_sonja, uniq_urug,
          uniq_rupert
Lair:5:   layout_cellular_growth, minmay_slime_entry_jelly_boxes, uniq_nessos
Lair:6:   gammafunk_lair_ancient_temple, layout_cave_pods, serial_bayou_shore_b,
          infiniplex_staircase_pool, serial_bayou_shore_a
Shoals:1: layout_shoals, serial_shops, shop_coins
Shoals:2: layout_shoals, nicolae_shoals_seven_spires, argonaut_gorgonesque
Shoals:3: layout_shoals, uniq_polyphemus, uniq_ilsuiw, uniq_jorgrun
Shoals:4: shoals_end_simple, layout_shoals
Spider:1: layout_spider_delve
Spider:2: cheibrodos_forgotten_conduit, uniq_arachne
Spider:3: layout_spider_delve
Spider:4: grunt_spider_rune_circles, uniq_nikola, uniq_roxanne
Orc:1:    layout_caves, serial_shops, shop, chequers_guarded_unrand_ignorance
Depths:1: layout_cross, hell_entry, kennysheep_cluttered_room, serial_shops,
          shop, shop, nicolae_shop_waterfront, nicolae_shop_behind_doors,
          kennysheep_generic_room_10
Depths:2: evilmike_silver_temple, layout_long_grid, serial_glass,
          glass_columns_b, glass_columns_b, glass_columns_a, glass_columns_a,
          glass_columns_b, glass_columns_a, glass_columns_a, glass_columns_a,
          infiniplex_staircase_star, grunt_pan_entry_sceptre, hell_entry,
          minmay_shop_mass
Depths:3: gammafunk_dig_for_victory, layout_gridlike, grunt_pan_entry_zigzag,
          hangedman_decor_clover_reticule, hell_entry, grunt_ministairs_8,
          kennysheep_generic_room_5, infiniplex_staircase_diamond,
          serial_bayou_shore_b
Depths:4: minmay_the_grid_triangle_9x9_recursive_2
          [minmay_the_grid_triangle_9x9_prize_top_heavy,
          minmay_the_grid_triangle_9x9_checkered,
          minmay_the_grid_triangle_9x9_longest,
          minmay_the_grid_triangle_9x9_corrupted_corridor], layout_cave_pools,
          hell_entry, rand_demon_pan_entry_9, abyss_entry
Depths:5: grunt_zot_entry_gee_three, layout_honeycomb, enter_ziggurat_f,
          rand_demon_pan_entry_4, hell_entry, serial_rivers,
          chequers_serial_rivers_room_b, chequers_serial_rivers_room_b,
          chequers_serial_rivers_room_b, chequers_serial_rivers_large_a,
          chequers_serial_rivers_marsh, chequers_serial_rivers_micro_d,
          serial_bayou_shore_b, uniq_mennas
Zot:1:    layout_misc_corridors, grunt_megastairs_3
Zot:2:    layout_misc_corridors, st_small_dragon_hoard_4, grunt_megastairs_1
Zot:3:    layout_misc_corridors
Zot:4:    layout_cathedral_of_symmetry, st_large_dragon_hoard_2,
          grunt_megastairs_4
Zot:5:    layout_misc_corridors

Skill      XL: |  1  2  3  4  5  6  7  8  9 10 11 12 13 14 15 16 17 18 19 20 21 22 23 |
---------------+----------------------------------------------------------------------+-----
Axes           | 3 4 5 7 10 11 13 14 15 | 15.4
Fighting       | 4 3 5 6 7 8 9 10 11 13 16 17 18 19 20 | 20.0
Spellcasting   | 3 1 4 5 6 8 11 12 15 17 | 17.1
Evocations     | 2 5 9 11 12 | 12.0
Shields        | 1 4 7 9 11 12 14 15 16 18 20 | 20.0
Long Blades    | 6 10 12 14 16 | 16.0
Dodging        | 0 |  0.0
Armour         | 3 6 9 10 11 12 | 12.5
Stealth        | |  6.0

Action                   |  1- 3 |  4- 6 |  7- 9 | 10-12 | 13-15 | 16-18 | 19-21 | 22-24 || total
-------------------------+-------+-------+-------+-------+-------+-------+-------+-------++-------
Melee: Hand axe          |    28 |   136 |    65 |    50 |       |       |       |       ||   279
       Dire flail        |       |    53 |   284 |    25 |       |       |       |       ||   362
       War axe           |       |       |       |   253 |       |       |       |       ||   253
       Battleaxe         |       |       |       |    37 |       |       |       |       ||    37
       Double sword      |       |       |       |    77 |   563 |   576 |   827 |   167 ||  2210
Throw: Dart              |       |    11 |       |     3 |       |       |       |       ||    14
       Throwing net      |       |       |       |     1 |       |       |       |       ||     1
Invok: Sacrifice Experie |       |     1 |       |       |       |       |       |       ||     1
       Draw Out Power    |       |       |     5 |    28 |    39 |    30 |    56 |    12 ||   170
       Sacrifice Love    |       |       |     1 |       |       |       |       |       ||     1
       Power Leap        |       |       |       |     8 |    15 |    25 |     1 |       ||    49
       Sacrifice Words   |       |       |       |     1 |       |       |       |       ||     1
       Sacrifice Purity  |       |       |       |     1 |     1 |       |       |       ||     2
       Apocalypse        |       |       |       |       |     2 |     1 |       |     1 ||     4
       Sacrifice Nimblen |       |       |       |       |     1 |       |       |       ||     1
 Abil: Heal Wounds       |     1 |    16 |    20 |     6 |    19 |     1 |    19 |    12 ||    94
Evoke: Wand              |       |       |     4 |    11 |    23 |     7 |    21 |    17 ||    83
       Condenser vane    |       |       |       |       |     3 |     4 |     5 |     3 ||    15
       Phial of floods   |       |       |       |       |     1 |     1 |       |     1 ||     3
  Use: Scroll            |     1 |       |     2 |    12 |     3 |     8 |    11 |     1 ||    38
       Potion            |       |       |     1 |       |     1 |     2 |     5 |     1 ||    10
 Stab: Invisible         |       |     1 |       |    11 |     7 |     2 |     3 |       ||    24
       Distracted        |       |       |     2 |     1 |     2 |     5 |     7 |     2 ||    19
       Held in net/web   |       |       |       |     1 |       |     1 |       |       ||     2
       Paralysed         |       |       |       |       |    21 |     2 |    14 |     6 ||    43
Armor: Leather armour    |     9 |       |       |       |       |       |       |       ||     9
       Chain mail        |    19 |   208 |   186 |   141 |   218 |   200 |       |       ||   972
       Plate armour      |       |       |    70 |       |       |     8 |   221 |       ||   299
       Gold dragon scale |       |       |       |       |       |       |   100 |    38 ||   138
Dodge: Dodged            |    34 |   114 |   188 |   166 |   152 |   147 |    87 |     7 ||   895
Block: Tower shield      |       |       |       |   284 |   839 |   788 |  1034 |   154 ||  3099
       Kite shield       |       |       |       |    32 |       |       |       |       ||    32
       Rpst.: Double sword |       |       |       |     5 |    15 |    28 |    14 |     1 ||    63
